[Event "Titled Tuesday Blitz October 11 Late 2022"]
[White "Azaladze, Shota"]
[Black "Tomaszewski, Kacper"]
[WhiteFideId "13603027"]
[BlackFideId "1127373"]
[WhiteElo "2741"]
[BlackElo "2563"]
[Result "0-1"]
[Round "04"]
[TimeControl "180+1"]
[Date "2022.10.12"]
[WhiteClock "0:01:45"]
[BlackClock "0:01:18"]

1. b3 e5 2. Bb2 Nc6 3. e3 Nge7 4. d4 exd4 5. exd4 d5 6. Ne2 Bg4 7. f3 Bh5 8. Qd2 Qd7 9. Nbc3 O-O-O 10. O-O-O f6 11. h4 Bf7 12. h5 Kb8 13. Nf4 Rg8 14. Bd3 g5 15. hxg6 hxg6 16. Na4 Nf5 17. Nc5 Bxc5 18. dxc5 Ne5 19. Rh7 d4 20. g4 Ne3 21. Rdh1 Nxf3 22. Qb4 Qxg4 23. c6 b6 24. Rxf7 Qxf4 25. Kb1 Rh8 26. Rxh8 Nd2+ 27. Ka1 Nxc2+ 28. Bxc2 Qf1+ 29. Bc1 Qxc1+ 30. Bb1 Qxb1# 0-1


[Site "https://www.chess.com"]

[Event "Titled Tuesday Blitz October 11 Late 2022"]
[White "Ballester Llagaria, Luis Eduardo"]
[Black "Kostiukov, Alexandr"]
[WhiteFideId "2297620"]
[BlackFideId "14108100"]
[WhiteElo "2344"]
[BlackElo "2202"]
[Result "1-0"]
[Round "04"]
[TimeControl "180+1"]
[Date "2022.10.12"]
[WhiteClock "0:00:06"]
[BlackClock "0:00:01"]

1. e4 c5 2. Nc3 g6 3. Bc4 Bg7 4. Qf3 e6 5. Nb5 d6 6. Qg3 Ke7 7. d3 a6 8. Nc3 Nc6 9. Nge2 Nf6 10. f4 b5 11. Bb3 b4 12. Na4 Re8 13. e5 Nd5 14. O-O Kf8 15. exd6 Qxd6 16. c4 Nde7 17. Be3 Nd4 18. Qf2 Nef5 19. Bd2 Kg8 20. Ng3 Nxb3 21. Nxf5 exf5 22. Rae1 Rxe1 23. Rxe1 Nxd2 24. Re8+ Bf8 25. Qxd2 Bb7 26. Re5 Qd4+ 27. Kf1 Bd6 28. Re2 Qxf4+ 29. Qxf4 Bxf4 30. Nb6 Rd8 31. Na4 Rc8 32. Nb6 Rc6 33. Na4 1-0


[Site "https://www.chess.com"]

[Event "Titled Tuesday Blitz October 11 Late 2022"]
[White "Barria Zuniga, Daniel"]
[Black "Vega Gutierrez, Sabrina"]
[WhiteFideId "3400816"]
[BlackFideId "2219026"]
[WhiteElo "2666"]
[BlackElo "2475"]
[Result "1-0"]
[Round "04"]
[TimeControl "180+1"]
[Date "2022.10.12"]
[WhiteClock "0:00:28"]
[BlackClock "0:00:02"]

1. d4 d5 2. c4 e6 3. Nf3 c6 4. Nc3 dxc4 5. e3 b5 6. a4 Bb4 7. Bd2 a5 8. axb5 Bxc3 9. Bxc3 cxb5 10. b3 Bb7 11. bxc4 b4 12. Bb2 Nf6 13. Bd3 O-O 14. O-O Nbd7 15. Re1 Ne4 16. Rc1 a4 17. c5 Bd5 18. Bxe4 Bxe4 19. Nd2 Bc6 20. e4 b3 21. Nc4 Nf6 22. f3 Bb5 23. Na3 Qd7 24. d5 exd5 25. Bxf6 gxf6 26. exd5 Rfd8 27. Qd4 Bc6 28. d6 Qf5 29. Re7 Rab8 30. Qb2 Re8 31. Rc7 Bxf3 32. gxf3 Qxf3 33. Qg2+ Qxg2+ 34. Kxg2 b2 35. Rb1 Re3 36. d7 Rxa3 37. Rc8+ Kg7 38. Rxb8 1-0


[Site "https://www.chess.com"]

[Event "Titled Tuesday Blitz October 11 Late 2022"]
[White "Bazeev, German"]
[Black "Storey, Charles H"]
[WhiteFideId "24119350"]
[BlackFideId "406686"]
[WhiteElo "2493"]
[BlackElo "2252"]
[Result "1/2-1/2"]
[Round "04"]
[TimeControl "180+1"]
[Date "2022.10.12"]
[WhiteClock "0:00:10"]
[BlackClock "0:00:07"]

1. d4 g6 2. e4 Bg7 3. Nc3 c5 4. Be3 Qa5 5. Ne2 Nf6 6. f3 cxd4 7. Nxd4 Nc6 8. Nb3 Qd8 9. Qd2 d6 10. O-O-O O-O 11. g4 Be6 12. h4 Ne5 13. Nd4 Qa5 14. Nxe6 fxe6 15. Be2 Rfc8 16. Kb1 Nc4 17. Bxc4 Rxc4 18. Ne2 Qxd2 19. Rxd2 e5 20. b3 Rcc8 21. c4 Nd7 22. Nc3 Rf8 23. Rh3 Rf7 24. Kc2 b6 25. Kd1 Nf8 26. Ke2 Ne6 27. Nd5 h5 28. gxh5 gxh5 29. Rd1 Kh7 30. Rg1 Bh6 31. Rhg3 Bxe3 32. Kxe3 Raf8 33. a4 Nd4 34. Rg5 Rxf3+ 35. Kd2 Rf2+ 36. Kd3 R2f3+ 37. Ne3 R8f6 38. Rg7+ Kh6 39. Rxe7 Rh3 40. Rgg7 Rff3 41. Rh7+ Kg6 42. Reg7+ Kf6 43. Rf7+ Ke6 44. Rxf3 Nxf3 45. Rh6+ Kd7 46. Rxh5 Rh2 47. Nf5 Ne1+ 48. Ke3 Nc2+ 49. Kf3 Rh3+ 50. Kg4 Rxb3 51. Rh7+ Kc6 52. h5 Nd4 53. h6 Nxf5 54. exf5 Rb1 55. f6 Rg1+ 56. Kf5 Rf1+ 57. Ke6 e4 58. Rg7 e3 59. Rg2 Rf2 60. Rg1 e2 61. Re1 Rh2 62. f7 Rxh6+ 63. Ke7 Rh7 64. Rxe2 Rxf7+ 65. Kxf7 Kc5 66. Re4 d5 67. cxd5 Kxd5 68. Rh4 a6 69. Ke7 b5 70. axb5 axb5 71. Kd7 Kc5 72. Ke6 b4 73. Ke5 b3 74. Rh8 Kc4 75. Rc8+ Kd3 76. Rb8 Kc2 77. Rc8+ Kd3 78. Rb8 Kc2 79. Rc8+ Kd3 1/2-1/2


[Site "https://www.chess.com"]

[Event "Titled Tuesday Blitz October 11 Late 2022"]
[White "Bernadskiy, Vitaliy"]
[Black "Bjelobrk, Igor"]
[WhiteFideId "14100371"]
[BlackFideId "4300726"]
[WhiteElo "2781"]
[BlackElo "2588"]
[Result "1-0"]
[Round "04"]
[TimeControl "180+1"]
[Date "2022.10.12"]
[WhiteClock "0:01:21"]
[BlackClock "0:00:19"]

1. e4 e5 2. Nf3 Nc6 3. Bc4 Bc5 4. O-O Nf6 5. d3 d6 6. Re1 h6 7. c3 a5 8. Nbd2 O-O 9. Nf1 a4 10. Ng3 Ra5 11. d4 Bb6 12. h3 Re8 13. Bf1 Ne7 14. Be3 c6 15. Qc2 Ng6 16. Rad1 Qc7 17. Qc1 Kh7 18. c4 exd4 19. Bxd4 Bxd4 20. Nxd4 Rae5 21. Bd3 Qb6 22. Nf3 R5e7 23. Qc2 a3 24. bxa3 Kg8 25. Qb3 Qa7 26. Qb4 Re6 27. Bf1 Nxe4 28. Nxe4 Rxe4 29. Rxe4 Rxe4 30. Qxd6 Be6 31. Bd3 Rxc4 32. Bxg6 1-0


[Site "https://www.chess.com"]

[Event "Titled Tuesday Blitz October 11 Late 2022"]
[White "Borawski, Jakub"]
[Black "Shandrygin, Nikita"]
[WhiteFideId "1143000"]
[BlackFideId "24198668"]
[WhiteElo "2122"]
[BlackElo "2323"]
[Result "0-1"]
[Round "04"]
[TimeControl "180+1"]
[Date "2022.10.12"]
[WhiteClock "0:00:05"]
[BlackClock "0:00:09"]

1. d4 Nf6 2. c4 e6 3. Nc3 Bb4 4. Qc2 O-O 5. a3 Bxc3+ 6. Qxc3 b6 7. Bg5 h6 8. Bh4 Bb7 9. Nf3 d6 10. e3 g5 11. Bg3 Ne4 12. Qc2 Nd7 13. Bd3 f5 14. Nd2 Nxd2 15. Qxd2 Bxg2 16. Rg1 Bf3 17. h4 Kf7 18. d5 Nc5 19. dxe6+ Kxe6 20. Bc2 Qf6 21. Rc1 Be4 22. Bxe4 fxe4 23. Qd5+ Kd7 24. hxg5 hxg5 25. Rc2 c6 26. Qd4 Qxd4 27. exd4 Nd3+ 28. Ke2 Rae8 29. Rh1 Rf7 30. d5 Nf4+ 31. Bxf4 gxf4 32. dxc6+ Kxc6 33. Rh6 e3 34. Rc3 f3+ 35. Ke1 exf2+ 36. Kxf2 Re2+ 37. Kf1 f2 38. Rc1 Rxb2 39. Rd1 Kc5 40. Rhxd6 Kxc4 41. R6d4+ Kb3 42. R4d3+ Ka2 43. a4 Rg7 44. R1d2 Rf7 45. Rd1 Rb3 46. Rd5 Ka3 47. a5 b5 48. a6 Rb2 49. Rd7 Rxd7 50. Rxd7 Kb4 51. Rxa7 Ra2 52. Rb7 Rxa6 53. Kxf2 Re6 54. Kf3 Kc4 55. Rc7+ Kb3 56. Rb7 b4 57. Kf4 Ka3 58. Kf5 Re1 59. Kf4 b3 60. Ra7+ Kb2 61. Rb7 Kc2 62. Rc7+ Kb1 63. Rb7 b2 64. Rc7 Re8 65. Rc6 Ra8 66. Ke3 Ka2 67. Kd3 b1=Q+ 0-1


[Site "https://www.chess.com"]

[Event "Titled Tuesday Blitz October 11 Late 2022"]
[White "Boros, Denes"]
[Black "Araujo Sanchez, Josue"]
[WhiteFideId "722340"]
[BlackFideId "6416896"]
[WhiteElo "2778"]
[BlackElo "2579"]
[Result "1-0"]
[Round "04"]
[TimeControl "180+1"]
[Date "2022.10.12"]
[WhiteClock "0:01:02"]
[BlackClock "0:01:27"]

1. Nf3 d5 2. b3 Nd7 3. Bb2 Ngf6 4. c4 e6 5. g3 a5 6. Nc3 Be7 7. Bg2 O-O 8. O-O b6 9. cxd5 exd5 10. Nd4 Bb7 11. Nf5 Bc5 12. Na4 Bb4 13. a3 Be7 14. Rc1 Rc8 15. Bh3 Ne8 16. Nxe7+ Qxe7 17. Rc2 Nd6 18. d3 f5 19. Qc1 c5 20. Re1 d4 21. b4 Qf7 22. Nxb6 Nxb6 23. bxc5 Qd5 24. f3 Ndc4 25. cxb6 Nxb6 26. Rxc8 Rxc8 27. Qf4 1-0


[Site "https://www.chess.com"]

[Event "Titled Tuesday Blitz October 11 Late 2022"]
[White "Bortnyk, Mykola"]
[Black "Zivkovic, Nemanja"]
[WhiteFideId "14120836"]
[BlackFideId "942154"]
[WhiteElo "2582"]
[BlackElo "2372"]
[Result "1-0"]
[Round "04"]
[TimeControl "180+1"]
[Date "2022.10.11"]
[WhiteClock "0:01:23"]
[BlackClock "0:00:17"]

1. e4 c5 2. c3 d5 3. exd5 Qxd5 4. d4 Nf6 5. Be3 cxd4 6. cxd4 e6 7. Nc3 Qd6 8. Nf3 Nc6 9. Bd3 Be7 10. O-O O-O 11. a3 Rd8 12. Qe2 a6 13. Rad1 b5 14. Rfe1 Bb7 15. Bb1 b4 16. axb4 Nxb4 17. Ne5 Nbd5 18. Bg5 g6 19. h4 Rac8 20. Na4 Nh5 21. Nc5 Ba8 22. Bxe7 Qxe7 23. g3 Ndf6 24. Ba2 a5 25. Nxf7 Kxf7 26. Nxe6 Nd5 27. Bxd5 Rxd5 28. Ng5+ 1-0


[Site "https://www.chess.com"]

[Event "Titled Tuesday Blitz October 11 Late 2022"]
[White "Buchenau, Frank"]
[Black "Jakubowski, Krzysztof"]
[WhiteFideId "4604350"]
[BlackFideId "1112848"]
[WhiteElo "2427"]
[BlackElo "2629"]
[Result "0-1"]
[Round "04"]
[TimeControl "180+1"]
[Date "2022.10.12"]
[WhiteClock "0:00:07"]
[BlackClock "0:00:40"]

1. e4 c5 2. Nf3 d6 3. Bb5+ Bd7 4. Bxd7+ Nxd7 5. O-O Ngf6 6. Qe2 e6 7. d4 cxd4 8. Nxd4 Be7 9. c4 O-O 10. Nc3 a6 11. b3 Qc7 12. Bb2 Rfc8 13. Rad1 Rab8 14. Kh1 Qa5 15. a4 Qb6 16. Qc2 Nc5 17. f4 Ng4 18. Rf3 Bf6 19. a5 Qxa5 20. h3 Nh6 21. g4 Kh8 22. g5 Bxd4 23. Rxd4 Ng8 24. Rxd6 b5 25. cxb5 axb5 26. Qd1 b4 27. Na4 Nxe4 28. Rd7 Rd8 29. Rxd8 Rxd8 30. Qe1 Qf5 31. Re3 Rd2 0-1


[Site "https://www.chess.com"]

[Event "Titled Tuesday Blitz October 11 Late 2022"]
[White "Coelho, Ramyres Santana"]
[Black "Urbina Perez, Juan Antonio"]
[WhiteFideId "2120690"]
[BlackFideId "2217368"]
[WhiteElo "1888"]
[BlackElo "2197"]
[Result "1-0"]
[Round "04"]
[TimeControl "180+1"]
[Date "2022.10.12"]
[WhiteClock "0:00:11"]
[BlackClock "0:00:11"]

1. e4 c5 2. Nf3 e6 3. d4 cxd4 4. c3 dxc3 5. Nxc3 Ne7 6. Bc4 Ng6 7. O-O Nc6 8. Qe2 Bc5 9. Rd1 O-O 10. a3 a6 11. b4 Ba7 12. Bg5 f6 13. Bxe6+ Kh8 14. Be3 Bxe3 15. Qxe3 b5 16. Rac1 Qc7 17. Ba2 Qb7 18. Rd5 Nce7 19. Rh5 d6 20. Nd4 Bg4 21. Rh3 Bxh3 22. Qxh3 Rac8 23. Ne6 Rfe8 24. Rd1 Nc6 25. Rd5 Nce5 26. Ne2 Qc6 27. f4 Qb6+ 28. Kf1 Nc4 29. Rh5 Nd2+ 30. Ke1 h6 31. Rxh6+ Kg8 32. Rxg6 1-0


[Site "https://www.chess.com"]

[Event "Titled Tuesday Blitz October 11 Late 2022"]
[White "Curtis, John"]
[Black "Besedes, Danilo"]
[WhiteFideId "3200256"]
[BlackFideId "946796"]
[WhiteElo "2203"]
[BlackElo "2352"]
[Result "0-1"]
[Round "04"]
[TimeControl "180+1"]
[Date "2022.10.12"]
[WhiteClock "0:00:06"]
[BlackClock "0:00:07"]

1. e4 e6 2. d4 d5 3. exd5 exd5 4. Nf3 Bd6 5. Bg5 f6 6. Bh4 Ne7 7. Bg3 Nf5 8. Bxd6 Nxd6 9. Bd3 O-O 10. O-O c6 11. h3 a5 12. c3 g6 13. Nbd2 Na6 14. Re1 Nc7 15. Qc2 Kg7 16. Re2 Re8 17. Rxe8 Qxe8 18. Re1 Qf7 19. a3 Be6 20. Re2 h5 21. Nh4 g5 22. Nf5+ Bxf5 23. Bxf5 Re8 24. Rxe8 Qxe8 25. Kf1 a4 26. Qb1 b5 27. Bd3 Ne6 28. Kg1 Nf4 29. Nf1 Qe6 30. Ne3 h4 31. Bf5 Qe7 32. Kf1 Nc4 33. Qc1 c5 34. Bd3 Qc7 35. dxc5 Nxd3 36. Qd1 Nf4 37. Nxd5 Qxc5 38. Nxf4 gxf4 39. Qd7+ Kh6 40. Qg4 Qg5 41. Qd7 Qe5 42. Qg4 Qg5 43. Qd7 f3 44. gxf3 Ne5 45. f4 Qxf4 46. Qc8 Qf3 47. Qh8+ Kg5 48. Qg8+ Kf4 49. Qb8 Qxh3+ 50. Ke1 Qh1+ 51. Kd2 Qd5+ 52. Ke1 h3 53. Kf1 Qd1# 0-1


[Site "https://www.chess.com"]

[Event "Titled Tuesday Blitz October 11 Late 2022"]
[White "D`Arruda, Ricardo D."]
[Black "Issani, Nameer"]
[WhiteFideId "100692"]
[BlackFideId "2619130"]
[WhiteElo "2459"]
[BlackElo "2650"]
[Result "0-1"]
[Round "04"]
[TimeControl "180+1"]
[Date "2022.10.12"]
[WhiteClock "0:01:45"]
[BlackClock "0:01:29"]

1. d4 Nf6 2. Nf3 e6 3. c4 Bb4+ 4. Nbd2 O-O 5. a3 Bxd2+ 6. Bxd2 d6 7. Bf4 Nbd7 8. e3 Qe7 9. Qc2 b6 10. Be2 Bb7 11. O-O e5 12. Bg3 Rfe8 13. Rfe1 e4 14. Nd2 a5 15. b4 Nf8 16. c5 dxc5 17. bxc5 Bd5 18. Rec1 Ne6 19. cxb6 cxb6 20. Rab1 Qxa3 21. Rxb6 a4 22. Bd6 Qa2 23. Qc3 Bb3 24. Bb5 Nd5 0-1


[Site "https://www.chess.com"]

[Event "Titled Tuesday Blitz October 11 Late 2022"]
[White "Danielyan, Vahe"]
[Black "Melikhov, Evgeny V."]
[WhiteFideId "13304828"]
[BlackFideId "4122046"]
[WhiteElo "2630"]
[BlackElo "2438"]
[Result "1/2-1/2"]
[Round "04"]
[TimeControl "180+1"]
[Date "2022.10.12"]
[WhiteClock "0:02:20"]
[BlackClock "0:00:08"]

1. e4 e5 2. Nf3 Nc6 3. Bb5 a6 4. Ba4 Nf6 5. O-O Nxe4 6. d4 b5 7. Bb3 d5 8. dxe5 Be6 9. a4 Nc5 10. Nbd2 Nxb3 11. Nxb3 Be7 12. Be3 O-O 13. h3 f6 14. exf6 Bxf6 15. Nbd4 Nxd4 16. Bxd4 c6 17. Re1 Bf5 18. c3 Be4 19. Bxf6 Qxf6 20. Nd4 c5 21. Nf3 Bxf3 22. Qxf3 Qxf3 23. gxf3 Rad8 24. Kg2 d4 25. cxd4 Rxd4 26. axb5 axb5 27. Ra7 Rdf4 28. Ree7 R8f7 29. Ra8+ Rf8 30. Raa7 R8f7 31. Ra8+ Rf8 32. Rxf8+ Kxf8 33. Rc7 Rb4 34. Rxc5 Rxb2 35. Rc7 b4 36. Kg3 b3 37. Rb7 Rb1 38. f4 h5 39. Kh4 b2 40. Kxh5 Rh1 41. Rxb2 Rxh3+ 42. Kg6 Rh6+ 43. Kg5 Ra6 44. f5 Kf7 45. Rb7+ Kf8 46. f4 Rc6 47. Rd7 Ra6 48. Rc7 Rb6 49. Rc5 Ra6 50. Re5 Kf7 51. Rd5 Rb6 52. Rd2 Ra6 53. Kg4 Rb6 54. Rd7+ Kf6 55. Rc7 g6 56. fxg6 Kxg6 57. Rc5 Kf6 58. Rh5 Kg6 59. f5+ Kg7 60. Kg5 Rb1 61. f6+ Kf7 62. Rh7+ Kf8 63. Rh8+ Kf7 64. Rh7+ Kf8 65. Ra7 Rg1+ 66. Kf5 Rf1+ 67. Ke6 Re1+ 68. Kd5 Rd1+ 69. Ke5 Re1+ 70. Kf5 Rf1+ 71. Kg5 Rg1+ 72. Kh4 Rh1+ 73. Kg3 Rf1 74. Kg4 Rxf6 75. Kg5 Rf7 76. Ra8+ Kg7 77. Ra6 Re7 78. Rg6+ Kf7 79. Rf6+ Ke8 80. Rf5 Rf7 81. Rxf7 Kxf7 1/2-1/2


[Site "https://www.chess.com"]

[Event "Titled Tuesday Blitz October 11 Late 2022"]
[White "Dardha, Arben"]
[Black "Chigaev, Maksim"]
[WhiteFideId "4700481"]
[BlackFideId "4108116"]
[WhiteElo "2196"]
[BlackElo "2537"]
[Result "0-1"]
[Round "04"]
[TimeControl "180+1"]
[Date "2022.10.12"]
[WhiteClock "0:00:05"]
[BlackClock "0:00:57"]

1. e4 c5 2. Nf3 e6 3. d4 cxd4 4. Nxd4 Nf6 5. Nc3 Nc6 6. Ndb5 Bc5 7. Bf4 O-O 8. Be2 a6 9. Nd6 e5 10. Bg5 h6 11. Bh4 Nd4 12. Nxc8 Rxc8 13. Nd5 g5 14. Bg3 Nxd5 15. exd5 Nxc2+ 16. Kf1 Nxa1 17. h4 g4 18. Bxe5 d6 19. Bc3 Ba7 20. Bxg4 Rxc3 21. bxc3 Qf6 22. Bf3 Qxc3 23. Rh3 Re8 24. Be2 Qd4 25. Rg3+ Kf8 26. Qxd4 Bxd4 27. Rd3 Bf6 28. Rf3 Bg7 29. Bd1 Rc8 30. Ke2 Nc2 31. Kd2 Nd4 32. Rg3 Rc5 33. Bh5 Rxd5 34. Ke3 Nf5+ 35. Kf4 Nxg3 36. fxg3 Rxh5 37. a4 Ra5 38. Kg4 Rxa4+ 39. Kh5 Ra5+ 40. Kg4 h5+ 41. Kh3 Ra3 42. Kh2 Be5 43. Kh3 Rxg3+ 44. Kh2 a5 45. Kg1 a4 46. Kf2 a3 47. Ke2 a2 48. Kd2 a1=Q 49. Kc2 Rc3+ 0-1


[Site "https://www.chess.com"]

[Event "Titled Tuesday Blitz October 11 Late 2022"]
[White "Dardha, Daniel"]
[Black "Rosen, Eric"]
[WhiteFideId "240990"]
[BlackFideId "2032562"]
[WhiteElo "2528"]
[BlackElo "2362"]
[Result "0-1"]
[Round "04"]
[TimeControl "180+1"]
[Date "2022.10.11"]
[WhiteClock "0:00:01"]
[BlackClock "0:00:07"]

1. e4 c5 2. Nf3 d6 3. d4 Nf6 4. dxc5 Nxe4 5. cxd6 Nc6 6. Bd3 Nxd6 7. O-O g6 8. c4 Bg7 9. c5 Nf5 10. Nc3 O-O 11. a3 Nfd4 12. Be4 e5 13. b4 Be6 14. Be3 f5 15. Bxc6 Nxc6 16. b5 Ne7 17. Bg5 Re8 18. Qd6 Qxd6 19. cxd6 Nd5 20. Nxd5 Bxd5 21. d7 Red8 22. Bxd8 Rxd8 23. Rfd1 Bb3 24. Rd6 e4 25. Rc1 Kf8 26. Rc8 Ke7 27. Rxd8 Kxd8 28. Ng5 Bf8 29. Rd2 h6 30. Nh3 g5 31. Kh1 Bxa3 32. Ng1 Be6 33. Ne2 Bxd7 34. Nc3 Bb4 35. Rc2 Be6 36. Ne2 Bd6 37. Nd4 Bd7 38. Ra2 Bc5 39. Nb3 Bb6 40. Rd2 Ke7 41. h4 Bxb5 42. hxg5 hxg5 43. Rb2 Bd7 44. Rd2 Be6 45. Nc1 Bc7 46. Rb2 b6 47. Ne2 Be5 48. Rb1 f4 49. Re1 Bd5 50. Kg1 Kd6 51. g3 a5 52. gxf4 gxf4 53. Rd1 Kc6 54. Rc1+ Kb7 55. Rd1 Bc6 56. Rd8 a4 57. Nd4 Bxd4 58. Rxd4 b5 59. Kf1 Kb6 60. Ke2 Kc5 61. Rd8 a3 62. Kd2 a2 63. Kc2 a1=Q 64. f3 Qa2+ 65. Kc1 exf3 66. Re8 f2 67. Re2 Qxe2 0-1


[Site "https://www.chess.com"]

[Event "Titled Tuesday Blitz October 11 Late 2022"]
[White "De Souza, Cristiano Gomes"]
[Black "Bongo Akanga Ndjila, Barthelemy"]
[WhiteFideId "2151758"]
[BlackFideId "10609431"]
[WhiteElo "2068"]
[BlackElo "1768"]
[Result "1-0"]
[Round "04"]
[TimeControl "180+1"]
[Date "2022.10.12"]
[WhiteClock "0:00:22"]
[BlackClock "0:00:17"]

1. d4 d5 2. c4 e6 3. Nf3 Nf6 4. Nc3 Be7 5. Bg5 b6 6. e3 Bb7 7. Rc1 O-O 8. Be2 dxc4 9. Bxc4 Nbd7 10. O-O c5 11. dxc5 Nxc5 12. Qe2 a5 13. Rfd1 Qc8 14. a3 Rd8 15. Nb5 Rxd1+ 16. Qxd1 h6 17. Bh4 Qc6 18. Nbd4 Qe4 19. Bg3 Rd8 20. Qc2 Qxc2 21. Rxc2 Bd6 22. Bxd6 Rxd6 23. Kf1 Be4 24. Rd2 g5 25. h3 Nfd7 26. Ke2 e5 27. Nb3 Rxd2+ 28. Nbxd2 Bc6 29. b4 axb4 30. axb4 Na4 31. e4 Kg7 32. Kd3 b5 33. Bb3 Nab6 34. Nf1 Nf6 35. Ng3 Nbd7 36. Ke3 Kg6 37. Nd2 h5 38. f3 g4 39. Nf5 Bb7 40. hxg4 hxg4 41. Nb1 Kg5 42. Nc3 gxf3 43. gxf3 Ba6 44. Bxf7 Nb6 45. Be6 Nh5 46. Nd5 Nc4+ 47. Kf2 Nf4 48. Nxf4 exf4 49. Bxc4 bxc4 50. Nd4 c3 51. b5 Bb7 52. Ke2 Kh4 53. Kd3 Kg3 54. Kxc3 Bxe4 55. fxe4 f3 56. Nxf3 Kxf3 57. e5 Kf4 58. e6 1-0


[Site "https://www.chess.com"]

[Event "Titled Tuesday Blitz October 11 Late 2022"]
[White "Dilanyan, Grigor"]
[Black "Rustemov, Alexander"]
[WhiteFideId "13303570"]
[BlackFideId "4119002"]
[WhiteElo "2264"]
[BlackElo "2859"]
[Result "0-1"]
[Round "04"]
[TimeControl "180+1"]
[Date "2022.10.11"]
[WhiteClock "0:00:01"]
[BlackClock "0:00:20"]

1. d4 d5 2. Nf3 Nf6 3. c4 c6 4. Nbd2 Bf5 5. Nh4 Be4 6. Qb3 Qc7 7. Nxe4 dxe4 8. g3 e6 9. Bf4 Qa5+ 10. Bd2 Qb6 11. c5 Qxb3 12. axb3 Nd5 13. Ng2 Nd7 14. Nf4 Nxf4 15. Bxf4 f5 16. b4 a6 17. f3 exf3 18. exf3 Nf6 19. b5 cxb5 20. Bxb5+ Kf7 21. Bc4 Be7 22. Be5 Rhd8 23. Kf2 Nd5 24. Rhe1 Bf6 25. Re2 Bxe5 26. Rxe5 Nc7 27. Rxf5+ Ke7 28. Rf4 Rd7 29. Re4 Rad8 30. Ke3 Kf6 31. Re1 g6 32. f4 h5 33. Kd3 Kf7 34. Kc3 Re7 35. b4 Kf6 36. h3 Red7 37. R1e3 Re7 38. g4 hxg4 39. hxg4 Red7 40. Bxe6 Nb5+ 41. Kc4 Rxd4+ 42. Rxd4 Rxd4+ 43. Kb3 Rxf4 44. Bc8 Nd4+ 45. Kc3 Nc6 46. Bxb7 Nxb4 47. c6 Nd5+ 48. Kd3 Nxe3 49. Bxa6 Nd5 50. Bc8 g5 51. Bf5 Ke5 0-1


[Site "https://www.chess.com"]

[Event "Titled Tuesday Blitz October 11 Late 2022"]
[White "Donchenko, Alexander"]
[Black "Nasuta, Grzegorz"]
[WhiteFideId "24603295"]
[BlackFideId "1141686"]
[WhiteElo "2572"]
[BlackElo "2442"]
[Result "1-0"]
[Round "04"]
[TimeControl "180+1"]
[Date "2022.10.11"]
[WhiteClock "0:01:22"]
[BlackClock "0:00:03"]

1. Nf3 d5 2. g3 Nf6 3. Bg2 c6 4. O-O Bf5 5. d3 e6 6. Nh4 Bg4 7. h3 Bh5 8. Qe1 Bc5 9. e4 O-O 10. e5 Nfd7 11. Nd2 a5 12. c3 Be7 13. Nhf3 Bg6 14. Qe2 c5 15. a4 Nc6 16. Re1 Qc7 17. Nf1 Rfb8 18. N1h2 b5 19. Ng4 bxa4 20. Rxa4 Nb6 21. Ra1 a4 22. Bf4 Nd7 23. h4 Qb6 24. Ra2 a3 25. Rxa3 Rxa3 26. bxa3 Qb3 27. Qd2 Qxa3 28. d4 cxd4 29. Nxd4 Nxd4 30. cxd4 Bb4 31. Qc1 Qa7 32. Rd1 Nb6 33. Bf3 h5 34. Ne3 Rc8 35. Qb2 Bf8 36. Qe2 Nc4 37. Bxh5 Bxh5 38. Qxh5 Nb2 39. Rd2 Bb4 40. Rxb2 Qa1+ 41. Nd1 1-0


[Site "https://www.chess.com"]

[Event "Titled Tuesday Blitz October 11 Late 2022"]
[White "Erdogdu, Mert"]
[Black "Suder, Jakub"]
[WhiteFideId "6301495"]
[BlackFideId "1195310"]
[WhiteElo "2765"]
[BlackElo "2570"]
[Result "0-1"]
[Round "04"]
[TimeControl "180+1"]
[Date "2022.10.12"]
[WhiteClock "0:02:06"]
[BlackClock "0:02:15"]

1. e4 c5 2. Nf3 e6 3. d4 cxd4 4. Nxd4 Nc6 5. Nc3 Nf6 6. Ndb5 d6 7. Bf4 e5 8. Bg5 a6 9. Na3 Be6 10. Nc4 Rb8 11. Bxf6 Qxf6 12. Nd5 Bxd5 13. Qxd5 Nb4 14. Qd2 d5 15. exd5 Rd8 16. Ne3 Bc5 17. Bc4 Bxe3 18. fxe3 Qh4+ 19. g3 Qxc4 20. O-O-O O-O 21. b3 Qe4 22. d6 Rxd6 23. Qe2 Rfd8 24. Rxd6 Qxh1+ 0-1


[Site "https://www.chess.com"]

[Event "Titled Tuesday Blitz October 11 Late 2022"]
[White "Ernst, Sipke"]
[Black "Weber, Samuel"]
[WhiteFideId "1004689"]
[BlackFideId "12924008"]
[WhiteElo "2438"]
[BlackElo "2215"]
[Result "1-0"]
[Round "04"]
[TimeControl "180+1"]
[Date "2022.10.12"]
[WhiteClock "0:02:21"]
[BlackClock "0:01:45"]

1. d4 Nf6 2. c4 c5 3. d5 g6 4. Nc3 e5 5. e4 d6 6. Bd3 Bg7 7. h3 a6 8. Nge2 O-O 9. Bg5 h6 10. Be3 Kh7 11. a4 Nbd7 12. Qc2 b6 13. f3 Nh5 14. h4 Bf6 15. O-O-O Bxh4 16. g4 Nf4 17. Nxf4 exf4 18. Bxf4 Bg5 19. Qd2 Ne5 20. Bxg5 Nxd3+ 21. Kb1 f6 22. Bxh6 1-0


[Site "https://www.chess.com"]

[Event "Titled Tuesday Blitz October 11 Late 2022"]
[White "Ezat, Mohamed"]
[Black "Yanchenko, Roman"]
[WhiteFideId "10600906"]
[BlackFideId "4137329"]
[WhiteElo "2567"]
[BlackElo "2758"]
[Result "0-1"]
[Round "04"]
[TimeControl "180+1"]
[Date "2022.10.12"]
[WhiteClock "0:01:21"]
[BlackClock "0:00:19"]

1. d4 d5 2. c4 c6 3. Nc3 Nf6 4. cxd5 cxd5 5. Bf4 Nc6 6. e3 e6 7. Bd3 Bd6 8. Bxd6 Qxd6 9. f4 Bd7 10. Nf3 O-O 11. O-O Rfc8 12. Ne5 Be8 13. g4 Nd7 14. g5 f5 15. gxf6 Nxf6 16. Kh1 Ne7 17. Rg1 Nf5 18. Qe2 Rc7 19. Rg2 a6 20. Rag1 Rac8 21. h3 Bh5 22. Qf2 b5 23. a3 Qf8 24. Rg5 Nd6 25. f5 exf5 26. Qh4 Qe8 27. Bxf5 Nxf5 28. Rxf5 Bg6 29. Rxf6 gxf6 30. Nxd5 fxe5 31. Nf6+ Kg7 32. Nxe8+ Rxe8 33. d5 Rc2 0-1


[Site "https://www.chess.com"]

[Event "Titled Tuesday Blitz October 11 Late 2022"]
[White "Fedoseev, Vladimir"]
[Black "Quesada Perez, Yuniesky"]
[WhiteFideId "24130737"]
[BlackFideId "3504409"]
[WhiteElo "2726"]
[BlackElo "2599"]
[Result "1-0"]
[Round "04"]
[TimeControl "180+1"]
[Date "2022.10.11"]
[WhiteClock "0:00:14"]
[BlackClock "0:00:03"]

1. e4 e5 2. Nf3 Nc6 3. Bc4 Bc5 4. d3 Nf6 5. Nc3 d6 6. Na4 Bb6 7. a3 Ne7 8. h3 Ng6 9. O-O O-O 10. Re1 Be6 11. Bxe6 fxe6 12. c3 Qe8 13. b4 Nh5 14. d4 Ngf4 15. Bxf4 Nxf4 16. Kh2 exd4 17. cxd4 Qg6 18. g3 Nh5 19. Re3 Rf7 20. Nxb6 axb6 21. Qe2 Raf8 22. Rf1 Qh6 23. h4 Qg6 24. Ng5 Re7 25. e5 d5 26. f4 h6 27. Nh3 Ref7 28. Rc3 b5 29. Qxb5 Qg4 30. Qd3 Rf5 31. Qf3 Qg6 32. Qe2 Qf7 33. Rcf3 Qg6 34. Rc3 Qf7 35. Qd2 c6 36. g4 Rxf4 37. Nxf4 Nxf4 38. h5 Qe7 39. Rxf4 1-0


[Site "https://www.chess.com"]

[Event "Titled Tuesday Blitz October 11 Late 2022"]
[White "Fernandez De La Vara, Arnaldo"]
[Black "Mazurkiewicz, Michal"]
[WhiteFideId "3518388"]
[BlackFideId "1124943"]
[WhiteElo "2662"]
[BlackElo "2462"]
[Result "1-0"]
[Round "04"]
[TimeControl "180+1"]
[Date "2022.10.12"]
[WhiteClock "0:00:39"]
[BlackClock "0:00:04"]

1. Nf3 Nf6 2. b3 g6 3. Bb2 Bg7 4. g3 O-O 5. Bg2 d6 6. d4 Nbd7 7. O-O Re8 8. c4 c6 9. Nc3 e5 10. e4 a5 11. Qc2 exd4 12. Nxd4 Nc5 13. Rad1 Bg4 14. Rd2 Qb6 15. h3 Bd7 16. Rfd1 Rad8 17. Nde2 Bc8 18. Ba3 Qc7 19. g4 Qe7 20. Ng3 b6 21. Bb2 h5 22. f3 hxg4 23. hxg4 Qe5 24. Nd5 Qxg3 25. Nxf6+ Bxf6 26. Bxf6 Rd7 27. Qc3 Ne6 28. Qe3 Nf4 29. Kf1 d5 30. e5 Ba6 31. Qf2 Qxg2+ 32. Qxg2 Nxg2 33. Kxg2 Rc7 34. Rh1 1-0


[Site "https://www.chess.com"]